 Dungeon Crawl Stone Soup version 0.28-a0-1504-g839a4452db (webtiles) character file.

Game seed: 123343556108507788

70851 Essalna the Fighter (level 14, 0/108 HPs)
             Began as a Demonspawn Gladiator on Jan 13, 2022.
             Was the Champion of Hepliaklqana.
             Slain by a cyan ugly thing (11 damage)
             ... on level 14 of the Dungeon.
             The game lasted 00:48:24 (25850 turns).

Essalna the Fighter (Demonspawn Gladiator)         Turns: 25850, Time: 00:48:24

Health: 0/108      AC: 21    Str: 15    XL:     14   Next: 95%
Magic:  0/24       EV: 14    Int: 14    God:    Hepliaklqana [******]
Gold:   1293       SH:  4    Dex: 19    Spells: 20/27 levels left

rFire   + . .      SeeInvis +   K - +6 great sword "Koupnusch" {elec, rCorr}
rCold   . . .      Faith    .   (shield currently unavailable)
rNeg    . . .      Spirit   +   y - +2 scale mail of Emnunas {rF+ rCorr Dex+4 SInv}
rPois   +          Reflect  .   c - +0 helmet
rElec   .          Harm     .   (no cloak)
rCorr   +          Rampage  .   k - +1 pair of gloves {infuse}
Will    +....                   f - +0 pair of boots
Stlth   ..........              E - amulet of guardian spirit
HPRegen 0.28/turn               I - +4 ring of slaying
MPRegen 0.19/turn               H - ring of poison resistance

@: no status effects
A: reduced essence, claws 1, molten scales 1, icemail 1, powered by pain 2,
condensation shield
a: Renounce Religion, Recall Ancestor, Ancestor Identity, Transference, Idealise


You were on level 14 of the Dungeon.
You worshipped Hepliaklqana.
Hepliaklqana was exalted by your worship.
You visited 3 branches of the dungeon, and saw 21 of its levels.

You collected 1293 gold pieces.

Inventory:

Hand Weapons
 a - a +1 vampiric long sword
 K - the +6 great sword "Koupnusch" (weapon) {elec, rCorr}
   (You found it on level 3 of the Lair of Beasts)

   It occasionally discharges a powerful burst of electricity upon striking a
   foe.
   rCorr:     It protects you from acid and corrosion.
Armour
 b - a +0 leather armour
 c - a +0 helmet (worn)
 f - a +0 pair of boots (worn)
 k - a +1 pair of gloves of infusion (worn)
 y - the +2 scale mail of Emnunas (worn) {rF+ rCorr Dex+4 SInv}
   (You found it on level 5 of the Dungeon)

   Dex:       It affects your dexterity (+4).
   rF:        It protects you from fire.
   SInv:      It lets you see invisible.
   rCorr:     It protects you from acid and corrosion.
Magical Staves
 d - a staff of cold
 J - a staff of fire
 U - a staff of air
Jewellery
 l - a ring of flight
 n - a ring of willpower
 v - a ring of ice
 x - an amulet of reflection
 E - an amulet of guardian spirit (around neck)
 G - a +6 ring of dexterity
 H - a ring of poison resistance (right hand)
 I - a +4 ring of slaying (left hand)
 R - a +4 ring of evasion
 S - a ring of willpower
 W - an amulet of the acrobat
 Z - the macabre finger necklace {rN+}
   (You found it on level 10 of the Dungeon)

   [amulet of nothing]

   It enables you to equip an extra ring.
   rN:        It protects you from negative energy.
Wands
 w - a wand of iceblast (24)
 A - a wand of digging (17)
 T - a wand of acid (7)
 V - a wand of paralysis (3)
Scrolls
 e - 2 scrolls of enchant armour
 g - 2 scrolls of brand weapon
 h - 11 scrolls of identify
 q - a scroll of magic mapping
 r - 2 scrolls of fog
 C - a scroll of amnesia
 F - 3 scrolls of enchant weapon
 L - 4 scrolls of teleportation
 O - a scroll of fear
 Q - 2 scrolls of silence
 X - a scroll of blinking
Potions
 i - a potion of degeneration
 j - 4 potions of attraction
 m - a potion of experience {unknown}
 o - 2 potions of magic
 p - 5 potions of curing
 s - 6 potions of ambrosia
 t - a potion of berserk rage
 u - 3 potions of flight
 z - 3 potions of haste
 B - 2 potions of brilliance
 D - 4 potions of mutation
 M - a potion of heal wounds
 N - 3 potions of invisibility
 P - a potion of might


   Skills:
 + Level 14.4 Fighting
 + Level 13.4 Long Blades
 - Level 1.7 Throwing
 - Level 8.0 Armour
 - Level 9.0 Dodging
 - Level 4.0 Shields
 - Level 7.0 Spellcasting
 + Level 8.8 Ice Magic


You had 20 spell levels left.
You knew the following spells:

 Your Spells              Type           Power      Damage    Failure   Level
a - Ozocubu's Refrigerat  Ice            14%        4d7       100%        7

Your spell library contained the following spells:

 Spells                   Type           Power      Damage    Failure   Level
 Ozocubu's Armour         Ice            29%        N/A       3%          3
 Sublimation of Blood     Necr           4%         N/A       56%         2
 Gell's Gravitas          Tloc           4%         N/A       80%         3
 Ignite Poison            Fire/Tmut/Pois 4%         N/A       80%         3
 Lesser Beckoning         Tloc           4%         N/A       80%         3
 Mephitic Cloud           Conj/Pois/Air  4%         N/A       80%         3
 Teleport Other           Tloc           4%         N/A       80%         3
 Metabolic Englaciation   Hex/Ice        8%         N/A       91%         5
 Freezing Cloud           Conj/Ice/Air   6%         6-21      98%         5
 Petrify                  Tmut/Erth      4%         N/A       99%         4
 Irradiate                Conj/Tmut      2%         3d14      100%        5
 Simulacrum               Ice/Necr       8%         N/A       100%        6


Dungeon Overview and Level Annotations

Branches:
Dungeon (14/15)            Temple (1/1) D:6            Lair (6/6) D:9
 Shoals (0/4) Lair:2       Spider (0/4) Lair:4        Slime (0/5) Lair:5
    Orc (0/2) D:9          Vaults (0/5) D:13

Altars:
Ashenzari
Cheibriados
Dithmenos
Elyvilon
Fedhas
Gozag
Hepliaklqana
Kikubaaqudgha
Makhleb
Nemelex Xobeh
Okawaru
Qazlal
Ru
Sif Muna
Trog
Uskayaw
Vehumet
Wu Jian
Xom
Yredelemnul
Zin
The Shining One
Lugonu

Portals:
Abyss: Lair:6


Innate Abilities, Weirdness & Mutations

Your life essence is reduced to manifest your ancestor. (-10% HP)
You have sharp fingernails.
You are partially covered in molten scales. (AC +2)
A meltable icy envelope protects you from harm. (AC +4)
You sometimes gain power by taking damage.
A meltable shield of frost defends you. (SH +4)


Message History

The cyan ugly thing tentacle-slaps you but does no damage.
The cyan ugly thing tentacle-slaps Thulani!
The cyan ugly thing shocks Thulani!
Thulani is destroyed!
You block the cyan ugly thing's attack.
The cyan ugly thing gurgles horribly!
You slash the cyan ugly thing!
The cyan ugly thing is heavily wounded.
The cyan ugly thing tentacle-slaps you but does no damage.
You block the cyan ugly thing's attack. The cyan ugly thing barely misses you.
The cyan ugly thing barely misses you. You block the cyan ugly thing's attack.
You hit the cyan ugly thing.
The cyan ugly thing is heavily wounded.
The cyan ugly thing tentacle-slaps you. The cyan ugly thing shocks you!
The cyan ugly thing tentacle-slaps you but does no damage.
The cyan ugly thing bites you but does no damage.
You barely miss the cyan ugly thing.
The cyan ugly thing is heavily wounded.
The cyan ugly thing tentacle-slaps you! The cyan ugly thing shocks you!
The cyan ugly thing barely misses you.
The cyan ugly thing basks in the mutagenic energy from its kin and changes!
You slice the cyan ugly thing!!
The cyan ugly thing is almost dead.
The cyan ugly thing bites you but does no damage.
You hit the cyan ugly thing.
The cyan ugly thing is almost dead.
The cyan ugly thing tentacle-slaps you! The cyan ugly thing shocks you!
* * * LOW HITPOINT WARNING * * *
The cyan ugly thing bites you.
* * * LOW HITPOINT WARNING * * *
The cyan ugly thing shocks you!
* * * LOW HITPOINT WARNING * * *
The cyan ugly thing tentacle-slaps you but does no damage.
The cyan ugly thing basks in the mutagenic energy from its kin and changes!
The cyan ugly thing tentacle-slaps you.
* * * LOW HITPOINT WARNING * * *
The cyan ugly thing shocks you!
You die...

...............................
.......##.#######..............
.......#.......................
.......#.................(.....
...............................
........##..#####..............
........###....##..............
........###u...................
.............u@................
...........#.u.................
...........#.#........ ........
......<..###.....##.## ###....
.......$.# ##.###.. .. #....
.##......# ... .#. # ###..
#.(.#### ...# # # #.. #...
..... #.. #.. #..


You could see 3 ugly things.

Vanquished Creatures
  Rupert (D:12)
  Azrael (D:13)
  Harold (D:7)
  6 hydras
  2 centaur warriors (D:13)
  2 dancing weapons (D:13)
  2 two-headed ogres
  A thrashing horror (Lair:6)
  2 manticores
  2 ugly things
  14 elephants
  5 black mambas
  3 smoke demons (Lair:6)
  2 torpor snails
  10 cane toads
  Psyche (D:12)
  An unseen horror (D:12)
  A tengu conjurer (D:13)
  4 komodo dragons
  A troll (D:11)
  2 slime creatures (D:13)
  2 polar bears
  A hornet (Lair:3)
  22 blink frogs
  A meliai zombie (D:11)
  A vampire (D:12)
  2 spriggans
  30 yaks
  3 fire bats (D:10)
  2 large abominations (Lair:6)
  3 wyverns
  A fire elemental (D:13)
  5 basilisks
  3 wraiths
  A chaos spawn (Lair:6)
  3 vampire mosquitoes (D:13)
  2 redbacks (Lair:4)
  2 wargs (D:9)
  8 small abominations (Lair:6)
  2 acid dragons
  13 water moccasins
  2 hell hounds (D:13)
  8 orc warriors
  An ice beast (D:6)
  5 black bears
  3 ogres
  6 wolves
  12 centaurs
  2 kobold brigands
  9 bullfrogs
  2 gnoll sergeants
  A scorpion (D:5)
  A wyvern zombie (D:8)
  A wyvern skeleton (D:7)
  2 water moccasin skeletons
  13 killer bees (Lair:1)
  3 wights (D:8)
  3 howler monkeys
  2 lava snakes (D:10)
  3 centaur zombies
  3 jellies
  4 orc priests
  4 hounds
  3 iguanas
  4 orc wizards
  3 hell rats (Lair:5)
  A killer bee zombie (D:6)
  A hound skeleton (D:4)
  7 gnolls
  A howler monkey skeleton (D:4)
  7 adders
  A shadow imp (D:6)
  3 white imps
  An ufetubus (D:5)
  2 worms
  A dart slug (D:5)
  28 orcs
  8 ball pythons
  5 endoplasms
  2 giant cockroaches
  6 goblins
  10 hobgoblins
  9 kobolds
  2 quokkas
  7 bats
  5 frilled lizards
  7 rats
385 creatures vanquished.

Vanquished Creatures (collateral kills)
  Nessos (D:13)
  The ghost of Sar the Fighter, a journeyman NaCA of Ignis (Lair:3)
  6 hydras
  A boulder beetle (D:12)
  A centaur warrior (D:12)
  A two-headed ogre (D:9)
  A tengu warrior (D:13)
  3 thrashing horrors (Lair:6)
  9 elephants
  2 black mambas
  11 cane toads
  4 komodo dragons
  A tengu conjurer (D:13)
  An ancient zyme (Lair:6)
  A queen bee (Lair:1)
  A troll (D:12)
  Prince Ribbit (Lair:3)
  10 blink frogs
  2 ynoxinuls (Lair:6)
  3 basilisks
  A spriggan (Lair:3)
  A fire bat (D:10)
  4 yaks
  A vampire mosquito (D:13)
  A chaos spawn (Lair:6)
  Grum (D:11)
  2 hell hounds
  A water moccasin (Lair:3)
  2 orc warriors
  5 wolves (Lair:6)
  A centaur (D:13)
  3 bullfrogs
  A gnoll sergeant (D:9)
  3 small abominations (Lair:6)
  A killer bee (Lair:1)
  4 howler monkeys
  2 electric eels
  A jelly (Lair:5)
  3 orc wizards
  2 hell rats (Lair:5)
  A howler monkey zombie (D:8)
  4 gnolls
  4 orcs
  An endoplasm (Lair:5)
  2 kobolds (D:9)
  2 butterflies (Lair:2)
115 creatures vanquished.

Vanquished Creatures (others)
  2 ancestors (Lair:1)
  7 battlemagi
  3 fire vortices (D:10)
  42 fungi
  60 plants
114 creatures vanquished.

Grand Total: 614 creatures vanquished

Notes
Turn   | Place    | Note
-------+----------+-------------------------------------------
     0 | D:1      | Essalna the Demonspawn Gladiator began the quest for the
                  | Orb.
     0 | D:1      | Reached XP level 1. HP: 16/16 MP: 1/1
   263 | D:1      | Noticed an eye of devastation
   644 | D:1      | Noticed a floating eye
   647 | D:1      | Noticed a shining eye
   649 | D:1      | Found a faded altar of an unknown god.
   651 | D:1      | Noticed a golden eye
   671 | D:1      | Gained mutation: A meltable shield of frost defends you.
                  | (SH +4) [demonic ancestry]
   671 | D:1      | Reached XP level 2. HP: 22/22 MP: 2/2
  1303 | D:2      | Reached skill level 1 in Shields
  1483 | D:2      | Reached XP level 3. HP: 27/28 MP: 0/3
  2199 | D:3      | Reached skill level 3 in Fighting
  2625 | D:3      | Reached XP level 4. HP: 31/35 MP: 1/4
  2939 | D:3      | Noticed a black bear
  2947 | D:3      | Killed a black bear
  2948 | D:3      | Reached XP level 5. HP: 27/41 MP: 0/5
  3652 | D:4      | Reached skill level 4 in Fighting
  3652 | D:4      | Reached XP level 6. HP: 35/48 MP: 0/6
  4399 | D:5      | Entered Level 5 of the Dungeon
  4412 | D:5      | Noticed a water moccasin
  4416 | D:5      | Reached XP level 7. HP: 48/55 MP: 0/7
  4514 | D:5      | Reached skill level 5 in Fighting
  4514 | D:5      | Reached skill level 5 in Long Blades
  5202 | D:5      | Reached skill level 6 in Fighting
  5202 | D:5      | Gained mutation: You sometimes gain a little power by
                  | taking damage. [demonic ancestry]
  5202 | D:5      | Reached XP level 8. HP: 49/64 MP: 3/8
  5590 | D:5      | Identified the +2 scale mail of Emnunas {rF+ rCorr Dex+4
                  | SInv}
  6051 | D:6      | Found a staircase to the Ecumenical Temple.
  6060 | Temple   | Entered the Ecumenical Temple
  6250 | Temple   | Became a worshipper of Hepliaklqana the Forgotten
  6321 | D:6      | Reached skill level 1 in Armour
  7635 | D:7      | Reached skill level 7 in Fighting
  7868 | D:7      | Noticed Harold
  7947 | D:7      | HP: 2/67 [centaur/arrow (2)]
  7951 | D:7      | Killed Harold
  7952 | D:7      | Gained mutation: A meltable icy envelope protects you from
                  | harm. (AC +4) [demonic ancestry]
  7952 | D:7      | Reached XP level 9. HP: 10/72 MP: 4/9
  8259 | D:7      | Reached * piety under Hepliaklqana
  8633 | D:8      | Reached skill level 5 in Dodging
  8793 | D:8      | Reached skill level 8 in Fighting
  8969 | D:8      | Reached XP level 10. HP: 72/72 MP: 4/10
  9591 | D:9      | Reached skill level 5 in Armour
  9740 | D:9      | Found a staircase to the Orcish Mines.
  9857 | D:9      | Found a staircase to the Lair.
  9944 | Lair:1   | Entered Level 1 of the Lair of Beasts
 10171 | Lair:1   | Noticed a black mamba
 10180 | Lair:1   | Killed a black mamba
 10212 | Lair:1   | Noticed a six-headed hydra
 10279 | Lair:1   | Reached skill level 9 in Fighting
 10359 | Lair:1   | Noticed a cane toad
 10421 | Lair:2   | Killed a cane toad
 10466 | Lair:2   | Reached XP level 11. HP: 76/80 MP: 1/11
 10588 | Lair:2   | Noticed a seven-headed hydra
 10621 | Lair:2   | Reached ** piety under Hepliaklqana
 10623 | Lair:2   | Remembered your ancestor Thulani as a battlemage
 10861 | Lair:2   | Killed a 12-headed hydra
 11346 | Lair:2   | Found a staircase to the Shoals.
 11777 | Lair:3   | Noticed Prince Ribbit
 11795 | Lair:3   | Reached skill level 10 in Fighting
 11798 | Lair:3   | Found a runed translucent door.
 11798 | Lair:3   | Killed Prince Ribbit
 12230 | Lair:3   | Reached *** piety under Hepliaklqana
 12349 | Lair:3   | Identified the +6 great sword "Koupnusch" {elec, rCorr}
 12619 | Lair:3   | Noticed Sar's ghost (journeyman NaCA)
 12621 | Lair:3   | Identified the +4 trident of Subjectivity {antimagic,
                  | +Blink rC+}
 12621 | Lair:3   | Noticed a spriggan rider
 12634 | Lair:3   | Killed Sar's ghost
 12639 | Lair:3   | Reached skill level 10 in Long Blades
 12808 | Lair:3   | Gained mutation: You are partially covered in molten
                  | scales. (AC +2) [demonic ancestry]
 12808 | Lair:3   | Reached XP level 12. HP: 89/89 MP: 10/12
 12928 | Lair:3   | Noticed an eight-headed hydra
 12932 | Lair:3   | Killed a ten-headed hydra
 13407 | Lair:4   | Noticed a four-headed hydra
 13415 | Lair:4   | Killed a six-headed hydra
 13511 | Lair:4   | Found a hole to the Spider Nest.
 13524 | Lair:4   | Reached skill level 11 in Fighting
 13796 | Lair:4   | Learned a level 7 spell: Ozocubu's Refrigeration
 13843 | Lair:4   | Noticed a seven-headed hydra
 13849 | Lair:4   | Killed a ten-headed hydra
 14027 | Lair:4   | Found a runed translucent door.
 14028 | Lair:4   | Noticed a four-headed hydra
 14040 | Lair:4   | Killed a ten-headed hydra
 14041 | Lair:4   | Reached skill level 1 in Spellcasting
 14041 | Lair:4   | Reached skill level 1 in Ice Magic
 14476 | Lair:5   | Reached **** piety under Hepliaklqana
 14678 | Lair:5   | Noticed a five-headed hydra
 14750 | Lair:5   | Killed a 12-headed hydra
 15429 | Lair:5   | Found a staircase to the Slime Pits.
 15844 | Lair:6   | Entered Level 6 of the Lair of Beasts
 15882 | Lair:6   | Noticed a five-headed hydra
 15885 | Lair:6   | Noticed a seven-headed hydra
 15893 | Lair:6   | Reached skill level 12 in Fighting
 15893 | Lair:6   | Gained mutation: You have sharp fingernails. [demonic
                  | ancestry]
 15893 | Lair:6   | Reached XP level 13. HP: 86/97 MP: 12/18
 16280 | Lair:6   | Reached skill level 5 in Ice Magic
 16300 | Lair:6   | Reached skill level 5 in Spellcasting
 17295 | Lair:6   | Reached ***** piety under Hepliaklqana
 17353 | Lair:6   | Reached skill level 13 in Fighting
 17724 | Lair:6   | Gained mutation: You sometimes gain power by taking damage.
                  | [demonic ancestry]
 17724 | Lair:6   | Reached XP level 14. HP: 84/106 MP: 13/23
 18184 | Lair:6   | Found a corrupted altar of Lugonu.
 18184 | Lair:6   | Found a one-way gate to the infinite horrors of the Abyss.
 20820 | D:10     | Entered Level 10 of the Dungeon
 21359 | D:10     | Found the macabre finger necklace {rN+}
 22401 | D:11     | Noticed Grum
 22408 | D:11     | Killed Grum
 23360 | D:12     | Noticed Psyche
 23366 | D:12     | Killed Psyche
 23475 | D:12     | Noticed Rupert
 23492 | D:12     | Killed Rupert
 23493 | D:12     | Reached skill level 14 in Fighting
 23886 | D:12     | Identified the +1 robe "Ina Foaf" {Str+3 Stlth+}
 24340 | D:13     | Found a gate to the Vaults.
 24353 | D:13     | Identified the +6 hand axe "Nisorghoe" {vorpal, rN+ Dex-5
                  | Stlth+}
 24485 | D:13     | Noticed Nessos
 24497 | D:13     | Killed Nessos
 25000 | D:13     | Noticed Azrael
 25009 | D:13     | Killed Azrael
 25175 | D:13     | Found a shimmering altar of Xom.
 25190 | D:13     | Reached ****** piety under Hepliaklqana
 25850 | D:14     | Slain by a cyan ugly thing

Illustrated notes

Levels and vault maps discovered:
D:1:      roderic_lyre, layout_loops_ring,
          hellmonk_ecumenical_altar_watching_god
D:2:      layout_basic, st_stairs_3, grunt_ministairs_10
D:3:      layout_loops_ring, kennysheep_cross_room, chequers_arboretum,
          minmay_puff
D:4:      layout_cave_pools
D:5:      layout_loops_ring, lemuel_round_altar, corexii_checkpoint_b
D:6:      kennysheep_spiral_hall, layout_rooms, temple_hall
D:7:      layout_loops_ring, uniq_harold
D:8:      layout_basic
D:9:      layout_loops_ring, erik_lair_orcish_takeover, orc_0_dummy
D:10:     layout_irregular_city, hangedman_incinerator
D:11:     layout_small_grid, uniq_grum
D:12:     layout_loops_ring, kennysheep_potato, uniq_psyche, uniq_rupert
D:13:     layout_loops_ring, erik_vaults_1, xom_shifter_show, uniq_nessos,
          uniq_azrael
D:14:     layout_basic, serial_shops, nicolae_shop_hallway_stairs,
          minmay_misc_feat_five, uniq_josephine
Temple:   mainiacjoe_temple_archimedes_tessellation
Lair:1:   layout_layer_cave, special_room [special_room_bee], grunt_megastairs_2
Lair:2:   layout_chaotic_city, minmay_shoals_entry_centaurs,
          beast_lair_carwin_8, serial_bayou_shore_b, lemuel_fruit_fields
Lair:3:   wander_river, layout_regular_city, ebering_ghost_funeral_grove,
          serial_bayou_pond_e, uniq_prince_ribbit2
Lair:4:   layout_cave_shapes, spider_nest_entry_webs, pf_torpor_hydra
Lair:5:   layout_regular_city, nicolae_slime_entry_slimehenge,
          grunt_megastairs_3
Lair:6:   hellmonk_lair_end_abyssal_woods, layout_loops_ring,
          grunt_megastairs_1, infiniplex_staircase_pool, serial_bayou_shore_a

Skill      XL: |  1  2  3  4  5  6  7  8  9 10 11 12 13 14 |
---------------+-------------------------------------------+-----
Long Blades    | 3 4 5 7 8 10 11 12 13 | 13.4
Shields        | 1 2 3 4 |  4.0
Fighting       | 3 4 6 7 8 9 10 12 13 14 | 14.4
Armour         | 3 4 6 7 8 |  8.0
Dodging        | 4 5 7 8 9 |  9.0
Spellcasting   | 3 6 7 |  7.0
Ice Magic      | 3 6 8 |  8.8
Throwing       | |  1.7

Action                   |  1- 3 |  4- 6 |  7- 9 | 10-12 | 13-15 || total
-------------------------+-------+-------+-------+-------+-------++-------
Melee: Long sword        |   128 |   117 |   286 |   336 |       ||   867
       Great sword       |       |       |       |   181 |   458 ||   639
Throw: Throwing net      |       |       |     6 |       |       ||     6
Invok: Recall Ancestor   |       |       |       |     2 |     1 ||     3
       Ancestor Life: Ba |       |       |       |     1 |       ||     1
  Use: Scroll            |       |       |    13 |     3 |    14 ||    30
       Potion            |       |       |       |     1 |     2 ||     3
 Stab: Sleeping          |       |     1 |       |       |       ||     1
       Held in net/web   |       |       |     1 |       |       ||     1
       Distracted        |       |       |       |     7 |    14 ||    21
Armor: Leather armour    |    62 |    22 |    27 |       |       ||   111
       Scale mail        |       |       |    33 |   260 |   334 ||   627
Dodge: Dodged            |    95 |    65 |    98 |   311 |   398 ||   967
Block: Buckler           |    56 |    47 |   148 |   314 |       ||   565
       Reflection        |       |       |     4 |     6 |       ||    10
       Other             |       |       |       |   105 |   123 ||   228

Table legend: (Time is in decaauts)
 A = Elapsed time spent in this place.
 B = Non-inter-level travel time spent in this place.
 C = Inter-level travel time spent in this place.
 D = Time resting spent in this place.
 E = Time spent auto-exploring this place.
 F = Levels seen in this place.
 G = Mean time per level.
                   A        B        C        D        E       F      G
               +--------+--------+--------+--------+--------+-----+--------+
         Total |  26072 |  25269 |    803 |    456 |  21003 |  21 | 1241.5 |
       Dungeon |  15451 |  15052 |    399 |    284 |  12669 |  14 | 1103.6 |
        Temple |    221 |    157 |     64 |      0 |    135 |   1 |  221.0 |
          Lair |  10398 |  10058 |    340 |    172 |   8199 |   6 | 1733.0 |
               +--------+--------+--------+--------+--------+-----+--------+

Top non-repeatable levels by time:
  Lair:6: 2579 daAuts
  Lair:1: 1996 daAuts
  Lair:5: 1772 daAuts
    D:13: 1623 daAuts
     D:5: 1556 daAuts
     D:2: 1446 daAuts
  Lair:3: 1439 daAuts
    D:12: 1405 daAuts
  Lair:2: 1397 daAuts
  Lair:4: 1213 daAuts
     D:7: 1212 daAuts
     D:3: 1183 daAuts
     D:6: 1149 daAuts
     D:8: 1051 daAuts
     D:9: 969 daAuts
